 Dungeon Crawl Stone Soup version 0.28-a0-57-g271197699b (webtiles) character file.

Game seed: 3825692566767376715

2993 Conn the Sneak (level 9, -1/54 HPs)
             Began as an Octopode Fire Elementalist on July 30, 2021.
             Slain by a gnoll sergeant (9 damage)
             ... on level 7 of the Dungeon.
             The game lasted 00:18:20 (10316 turns).

Conn the Sneak (Octopode Fire Elementalist)        Turns: 10316, Time: 00:18:20

Health: -1/54      AC:  1    Str: 14    XL:     9   Next: 83%
Magic:  0/19       EV: 14    Int: 20    God:
Gold:   322        SH:  0    Dex: 12    Spells: 5/21 levels left

rFire   + . .      SeeInvis .   a - +1 dagger (elec)
rCold   x . .      Faith    .   (no shield)
rNeg    . . .      Spirit   +   (helmet restricted)
rPois   .          Reflect  .   y - amulet of guardian spirit
rElec   .          Harm     .   n - +6 ring of strength
rCorr   .          Rampage  .   w - ring of fire
Will    .....                   (no ring)
Stlth   +++++.....              (no ring)
HPRegen 0.18/turn               (no ring)
MPRegen 0.16/turn               (no ring)
                                (no ring)
                                (no ring)

@: no status effects
A: almost no armour, amphibious, 8 rings, camouflage 1, gelatinous body 1,
(nimble swimmer 1), tentacles
a: no special abilities


You were on level 7 of the Dungeon.
You visited 2 branches of the dungeon, and saw 8 of its levels.

You collected 322 gold pieces.

Inventory:

Hand Weapons
 a - a +1 dagger of electrocution (weapon)
 b - a +2 vorpal hunting sling
 c - a +0 dagger
Missiles
 e - 257 stones
Armour
 x - a +2 kite shield
Jewellery
 d - a ring of ice
 n - a +6 ring of strength (left tentacle)
 w - a ring of fire (right tentacle)
 y - an amulet of guardian spirit (around mantle)
Scrolls
 f - a scroll of vulnerability {unknown}
 h - 4 scrolls of enchant weapon {unknown}
 i - a scroll of teleportation
 k - a scroll of identify
 p - 2 scrolls of enchant armour {unknown}
 t - 2 scrolls of magic mapping {unknown}
 u - 2 scrolls of fog
 v - a scroll of amnesia {unknown}
 z - a scroll of acquirement {unknown}
Potions
 g - a potion of heal wounds
 j - a potion of flight {unknown}
 l - a potion of attraction
 m - a potion of degeneration
 o - a potion of resistance {unknown}
 q - a potion of ambrosia {unknown}
 r - a potion of might
 s - a potion of haste {unknown}


   Skills:
 + Level 2.1 Fighting
 + Level 3.8 Short Blades
 + Level 2.1 Slings
 + Level 3.4 Dodging
 + Level 7.7 Stealth
 + Level 6.7 Spellcasting
 + Level 5.5 Conjurations
 + Level 6.5 Fire Magic


You had 5 spell levels left.
You knew the following spells:

 Your Spells              Type           Power      Damage    Failure   Level
a - Foxfire               Conj/Fire      100%       2x1d9     1%          1
b - Conjure Flame         Conj/Fire      46%        6-21      2%          3
c - Inner Flame           Hex/Fire       29%        N/A       8%          3
d - Sticky Flame          Conj/Fire      46%        2d6       9%          4
e - Fireball              Conj/Fire      23%        3d11      22%         5

Your spell library contained the following spells:

 Spells                   Type           Power      Damage    Failure   Level
 Beastly Appendage        Tmut           12%        N/A       10%         1
 Ensorcelled Hibernation  Hex/Ice        12%        N/A       14%         2
 Wereblood                Tmut           6%         N/A       14%         2
 Spider Form              Tmut/Pois      3%         N/A       28%         3
 Shadow Creatures         Summ           N/A        N/A       100%        6
 Malign Gateway           Summ/Tloc      3%         N/A       100%        7
 Summon Horrible Things   Summ           3%         N/A       100%        8


Dungeon Overview and Level Annotations

Branches:
Dungeon (7/15)             Temple (1/1) D:5

Altars:
Ashenzari
Dithmenos
Elyvilon
Fedhas
Gozag
Hepliaklqana
Kikubaaqudgha
Makhleb
Nemelex Xobeh
Okawaru
Qazlal
Ru
Trog
Uskayaw
Vehumet
Wu Jian
Yredelemnul
Zin
The Shining One

Shops:
D:2 [   D:6 [


Innate Abilities, Weirdness & Mutations

You cannot wear most types of armour.
You are amphibious.
You can wear up to eight rings at the same time.
Your skin changes colour to match your surroundings (Stealth+).
Your rubbery body absorbs attacks. (AC +1, EV +1)
((You are camouflaged near water. (Stealth+)))
You have tentacles for arms and can constrict up to eight enemies at once.


Message History

The gnoll sergeant is severely wounded.
The gnoll sergeant hits you with a +0 quarterstaff!
Casting: Foxfire (safe; 1% risk of failure)
Confirm with . or Enter, or press ? or * to list all spells.
You feel a surge of power!
You conjure some foxfire!
The foxfire hits the gnoll sergeant but does no damage.
The gnoll sergeant is severely wounded.
The foxfire hits the gnoll sergeant but does no damage.
The gnoll sergeant is severely wounded.
The foxfire hits the orc wizard.
The orc wizard is moderately wounded.
The gnoll sergeant hits you with a +0 quarterstaff!
You hit the orc wizard. Your grab misses the orc wizard.
The orc wizard is moderately wounded.
The foxfire hits the gnoll sergeant.
The gnoll sergeant is almost dead.
The gnoll sergeant hits you with a +0 quarterstaff.
Unknown command.
You hit the orc wizard. Your grab misses the orc wizard.
The orc wizard is heavily wounded.
You hit the gnoll sergeant but do no damage.
You grab the gnoll sergeant.
The gnoll sergeant is almost dead.
You constrict the gnoll sergeant.
The orc wizard hits you with a +0 dagger of freezing.
* * * LOW HITPOINT WARNING * * *
The orc wizard freezes you.
* * * LOW HITPOINT WARNING * * *
The gnoll sergeant hits you with a +0 quarterstaff.
* * * LOW HITPOINT WARNING * * *
You hit the gnoll sergeant but do no damage.
You squeeze the gnoll sergeant, but do no damage.
The gnoll sergeant is almost dead.
You constrict the gnoll sergeant.
The orc wizard hits you with a +0 dagger of freezing.
* * * LOW HITPOINT WARNING * * *
The orc wizard freezes you.
* * * LOW HITPOINT WARNING * * *
The gnoll sergeant hits you with a +0 quarterstaff!
You die...

#....#.## .Z..............
........####<.###..##....$.......
#.........#...#.#................
.......)).#.....##...............
........#........##..........>...
##......##.......#..........#....
#...)...#........##.........##...
#.......#......og##........
........#.......@))........
........####........)......
#.......####...............
#.#....##........()........
..##.)###..#...##..........
#).##.)##.##......#........
#.................###......
...)......##.......# ....##
...#.#.............# .....


You could see a gnoll sergeant and an orc wizard.

Vanquished Creatures
  Sigmund (D:2)
  A wraith (D:7)
  A wyvern (D:7)
  Menkaure (D:5)
  A water moccasin (D:7)
  A black bear (D:7)
  2 sky beasts (D:6)
  4 ogres
  A necrophage (D:6)
  A kobold brigand (D:7)
  The ghost of lupus83 the Stinger, an amateur OpVM (D:3)
  Blork the orc (D:4)
  4 scorpions
  A wyvern zombie (D:6)
  3 howler monkeys (D:7)
  A bullfrog zombie (D:5)
  7 hounds
  2 jellies
  A gnoll shaman (D:7)
  A bullfrog skeleton (D:6)
  3 orc priests
  4 iguanas
  5 orc wizards
  A hound skeleton (D:5)
  7 gnolls
  13 adders
  A white imp (D:6)
  A worm (D:2)
  2 dart slugs (D:4)
  14 orcs
  6 endoplasms
  8 giant cockroaches
  7 hobgoblins
  7 jackals
  4 kobolds
  6 quokkas
  10 ball pythons
  4 bats
  4 frilled lizards
  10 goblins
  8 rats
161 creatures vanquished.

Vanquished Creatures (others)
  522 foxfires
  4 plants
526 creatures vanquished.

Grand Total: 687 creatures vanquished

Notes
Turn   | Place    | Note
-------+----------+-------------------------------------------
     0 | D:1      | Conn the Octopode Fire Elementalist began the quest for the
                  | Orb.
     0 | D:1      | Reached XP level 1. HP: 11/11 MP: 3/3
   101 | D:1      | Reached XP level 2. HP: 4/17 MP: 0/5
   970 | D:1      | Reached XP level 3. HP: 21/21 MP: 0/6
  1127 | D:1      | Reached skill level 3 in Stealth
  1733 | D:2      | Found Kyolet's Armour Shoppe.
  1810 | D:2      | Found a faded altar of an unknown god.
  1819 | D:2      | Noticed Sigmund
  1869 | D:2      | Killed Sigmund
  1870 | D:2      | Reached skill level 1 in Slings
  1870 | D:2      | Reached XP level 4. HP: 6/27 MP: 3/8
  1870 | D:2      | Reached XP level 5. HP: 7/32 MP: 3/9
  2329 | D:2      | Reached XP level 6. HP: 37/37 MP: 10/10
  2436 | D:2      | Reached skill level 1 in Short Blades
  2442 | D:2      | Reached skill level 1 in Fighting
  3630 | D:3      | Found a hazy altar of Hepliaklqana.
  3907 | D:3      | Found a shadowy altar of Dithmenos.
  3907 | D:3      | Found a basalt altar of Yredelemnul.
  4014 | D:3      | Found a runed translucent door.
  4017 | D:3      | Noticed lupus83's ghost (amateur OpVM)
  4024 | D:3      | Learned a level 3 spell: Conjure Flame
  4028 | D:3      | Learned a level 3 spell: Inner Flame
  4033 | D:3      | Learned a level 4 spell: Sticky Flame
  4064 | D:3      | Found an ornate altar of the Wu Jian Council.
  4351 | D:3      | Killed lupus83's ghost
  4352 | D:3      | Reached skill level 4 in Stealth
  4352 | D:3      | Reached XP level 7. HP: 17/43 MP: 12/12
  4705 | D:4      | Found an opulent altar of Gozag.
  4845 | D:4      | Found a broken altar of Ashenzari.
  5164 | D:4      | Noticed Blork the orc
  5183 | D:5      | Entered Level 5 of the Dungeon
  5809 | D:5      | Noticed Menkaure
  5819 | D:5      | Killed Menkaure
  5994 | D:5      | Reached XP level 8. HP: 48/48 MP: 5/14
  6112 | D:5      | Reached skill level 5 in Fire Magic
  6782 | D:5      | Found a staircase to the Ecumenical Temple.
  6805 | Temple   | Entered the Ecumenical Temple
  7337 | D:4      | Reached skill level 5 in Stealth
  7337 | D:4      | Reached skill level 5 in Spellcasting
  7485 | D:4      | Killed Blork the orc
  7872 | D:4      | Found a sparkling altar of Nemelex Xobeh.
  8041 | D:4      | Learned a level 5 spell: Fireball
  8506 | D:6      | Found Ryfyhim's Antique Armour Shoppe.
  8634 | D:6      | Reached skill level 6 in Stealth
  8780 | D:6      | Reached XP level 9. HP: 54/54 MP: 17/17
  9398 | D:6      | Found a white marble altar of Elyvilon.
  9398 | D:6      | Found a glowing golden altar of the Shining One.
  9398 | D:6      | Found a glowing silver altar of Zin.
  9601 | D:7      | Reached skill level 7 in Stealth
  9721 | D:7      | Reached skill level 5 in Conjurations
 10316 | D:7      | Slain by a gnoll sergeant

Illustrated notes

Levels and vault maps discovered:
D:1:      mrwooster_arrival_arrow, layout_basic, serial_bayou_pond_e,
          grunt_decor_resistance, st_stairs_1, lemuel_another_geyser
D:2:      kennysheep_six_static_rooms, layout_basic, serial_shops, shop,
          dreamdust_ecumenical_altar_angels_and_demons, uniq_sigmund
D:3:      layout_loops_ring, nzn_wu_jian_council_hall,
          mainiacjoe_overflow_large_starburst,
          mainiacjoe_overflow_six_doors_small, ebering_ghost_reflecting_pool,
          fountainhead
D:4:      layout_loops_ring, grunt_gozag_breadcrumbs, evilmike_ruin_ashenzari,
          nemelex_dance_club_becter, lemuel_flame_loot_1, uniq_blork_the_orc
D:5:      minmay_evil_eye, layout_basic, minmay_temple_entry_junction,
          hangedman_decor_growths, serial_bayou_crossing, uniq_menkaure
D:6:      layout_layer_cave, good_gods_mini_temple, serial_shops, shop
D:7:      lemuel_castle_with_subvaults [lemuel_castle_interior_original],
          layout_cave_pools, mainiacjoe_overflow_surrounded_room
Temple:   dpeg_three_leaves_temple

Skill      XL: |  1  2  3  4  5  6  7  8  9 |
---------------+----------------------------+-----
Stealth        | 3 4 6 7 |  7.7
Slings         | 1 2 |  2.1
Spellcasting   | 3 4 5 6 |  6.7
Conjurations   | 2 3 4 5 |  5.5
Fire Magic     | 4 5 6 |  6.5
Short Blades   | 1 3 |  3.8
Fighting       | 1 2 |  2.1
Dodging        | 3 |  3.4

Action                   |  1- 3 |  4- 6 |  7- 9 || total
-------------------------+-------+-------+-------++-------
Melee: Unarmed           |     8 |       |       ||     8
       Constrict         |    10 |     7 |    16 ||    33
       Tentacles         |     6 |     5 |    14 ||    25
       Dagger            |    22 |    53 |    98 ||   173
 Fire: Hunting sling     |     9 |       |       ||     9
 Cast: Foxfire           |    49 |    62 |   199 ||   310
       Sticky Flame      |       |       |     5 ||     5
       Conjure Flame     |       |       |     2 ||     2
  Use: Potion            |     1 |       |     4 ||     5
       Scroll            |       |     6 |     1 ||     7
 Stab: Sleeping          |     1 |     6 |    12 ||    19
       Distracted        |       |     1 |       ||     1
Armor: Skin              |     7 |     3 |     1 ||    11
Dodge: Dodged            |    16 |    28 |    49 ||    93

Table legend: (Time is in decaauts)
 A = Elapsed time spent in this place.
 B = Non-inter-level travel time spent in this place.
 C = Inter-level travel time spent in this place.
 D = Time resting spent in this place.
 E = Time spent auto-exploring this place.
 F = Levels seen in this place.
 G = Mean time per level.
                   A        B        C        D        E       F      G
               +--------+--------+--------+--------+--------+-----+--------+
         Total |  10302 |  10073 |    229 |    689 |   7598 |   8 | 1287.8 |
       Dungeon |  10222 |  10004 |    218 |    689 |   7533 |   7 | 1460.3 |
        Temple |     80 |     69 |     11 |      0 |     65 |   1 |   80.0 |
               +--------+--------+--------+--------+--------+-----+--------+

Top non-repeatable levels by time:
     D:5: 2100 daAuts
     D:2: 1676 daAuts
     D:1: 1579 daAuts
     D:6: 1452 daAuts
     D:4: 1369 daAuts
     D:3: 1309 daAuts
     D:7: 736 daAuts
  Temple: 80 daAuts
